 Dungeon Crawl Stone Soup version 0.27-a0-343-gfcad680f63 (webtiles) character file.

Game seed: 8271526039087507644

284 dickylongcocking the Conjurer (level 6, 0/32 HPs)
             Began as a Tengu Air Elementalist on Feb 14, 2021.
             Killed by divine providence
             ... invoked by an orc priest
              (15 damage)
             ... on level 3 of the Dungeon.
             The game lasted 00:03:22 (2649 turns).

dickylongcocking the Conjurer (TeAE)                Turns: 2649, Time: 00:03:22

Health: 0/32       AC:  4    Str:  8    XL:     6   Next: 29%
Magic:  6/10       EV: 12    Int: 23    God:
Gold:   128        SH:  0    Dex: 15    Spells: 8/9 levels left

rFire    . . .     SeeInvis .   g - +0 short sword
rCold    . . .     Faith    .   (no shield)
rNeg     . . .     Spirit   .   c - +0 leather armour
rPois    .         Reflect  .   (helmet restricted)
rElec    .         Harm     .   (no cloak)
rCorr    .         Rampage  .   d - +0 pair of gloves
Will     .....                  (boots unavailable)
Stlth    ++........             (no amulet)
HPRegen  0.10/turn              f - +6 ring of intelligence
MPRegen  0.12/turn              l - ring of wizardry

@: no status effects
A: beak, talons 3, able to fly
a: Fly


You were on level 3 of the Dungeon.
You visited 1 branch of the dungeon, and saw 3 of its levels.

You collected 128 gold pieces.

Inventory:

Hand Weapons
 e - a +0 club
 g - a +0 short sword (weapon)
Armour
 a - a +0 robe
 c - a +0 leather armour (worn)
 d - a +0 pair of gloves (worn)
Jewellery
 f - a +6 ring of intelligence (left hand)
 l - a ring of wizardry (right hand)
Scrolls
 b - a scroll of random uselessness {unknown}
 h - 4 scrolls of identify {unknown}
 j - a scroll of amnesia {unknown}
Potions
 i - a potion of curing
 k - a potion of lignification {unknown}
 m - a potion of might {unknown}


   Skills:
 - Level 2.1 Dodging
 - Level 2.0 Stealth
 - Level 2.1 Spellcasting
 * Level 6.7 Conjurations
 * Level 5.9 Air Magic


You had 8 spell levels left.
You knew the following spells:

 Your Spells              Type           Power        Failure   Level
a - Shock                 Conj/Air       100%         1%          1

Your spell library contained the following spells:

 Spells                   Type           Power        Failure   Level
 Swiftness                Air            29%          1%          2
 Static Discharge         Conj/Air       31%          1%          3
 Airstrike                Air            14%          6%          4
 Lightning Bolt           Conj/Air       15%          16%         5


Dungeon Overview and Level Annotations

Branches:
Dungeon (3/15)

Altars:
Fedhas
Okawaru


Innate Abilities, Weirdness & Mutations

You have a beak for a mouth.
You have claws for feet.
You can fly continuously.


Message History

Aim: an orc priest, wielding a +0 mace and wearing a +0 ring mail (23% to evade)
The zap hits the orc!
You kill the orc!
The zap hits the orc priest.
The orc priest is lightly wounded.
The bat closely misses you.
The orc priest mumbles some strange prayers to Beogh against you.
Beogh smites you! The orc hits you.
Unknown command.
The bat hits you.
Casting: Shock (safe; 1% risk of failure)
Confirm with . or Enter, or press ? or * to list all spells.
Aiming: Shock (safe; 1% risk of failure)
Press: ? - help, Shift-Dir - straight line, f/p - orc priest
Aim: an orc priest, wielding a +0 mace and wearing a +0 ring mail (lightly wounded, 23% to evade)
The zap misses the orc.
The zap hits the orc priest!
The orc priest is severely wounded.
The bat closely misses you.
Unknown command.
Unknown command.
Casting: Shock (safe; 1% risk of failure)
Confirm with . or Enter, or press ? or * to list all spells.
Aiming: Shock (safe; 1% risk of failure)
Press: ? - help, Shift-Dir - straight line, f/p - orc priest
Aim: an orc priest, wielding a +0 mace and wearing a +0 ring mail (severely wounded, 23% to evade)
The zap hits the orc priest.
The orc priest is severely wounded.
The bat hits you but does no damage.
Unknown command.
Casting: Shock (safe; 1% risk of failure)
Confirm with . or Enter, or press ? or * to list all spells.
Aiming: Shock (safe; 1% risk of failure)
Press: ? - help, Shift-Dir - straight line, f/p - orc priest
Aim: an orc priest, wielding a +0 mace and wearing a +0 ring mail (severely wounded, 23% to evade)
The zap hits the orc priest.
The orc priest is almost dead.
The bat hits you but does no damage. The orc hits you.
The orc priest calls down the wrath of Beogh upon you.
Beogh smites you!
You die...

##.....## #..
###.......# #..
.........# #.
#.......# ##.
#.....# #..
##...(.########..
#)........[..##..
####bo..........##..
#..@oo..............
#####.....##....##..
#.###......#........
#..#######..........
##.....######.#..###
##.......###.#...##
##.........##.#.#...
#...........#...####
#...........#..## #


You could see an orc priest, 2 orcs and a bat.

Vanquished Creatures
  Sigmund (D:3)
  A gnoll (D:3)
  4 adders (D:3)
  An ooze (D:1)
  3 worms
  2 dart slugs
  2 leopard geckos
  5 orcs (D:3)
  7 bats
  5 giant cockroaches
  5 goblins
  6 hobgoblins
  A ball python (D:3)
  2 frilled lizards (D:1)
  6 kobolds
  7 rats
58 creatures vanquished.

Notes
Turn   | Place    | Note
-------+----------+-------------------------------------------
     0 | D:1      | dickylongcocking the Tengu Air Elementalist began the quest
                  | for the Orb.
     0 | D:1      | Reached XP level 1. HP: 10/10 MP: 4/4
   109 | D:1      | Reached skill level 2 in Conjurations
   162 | D:1      | Reached XP level 2. HP: 15/15 MP: 0/6
   434 | D:1      | Reached skill level 3 in Conjurations
   873 | D:1      | Reached XP level 3. HP: 19/19 MP: 4/7
  1103 | D:2      | Reached skill level 4 in Conjurations
  1299 | D:2      | Noticed a sky beast
  1830 | D:3      | Reached skill level 5 in Conjurations
  1830 | D:3      | Reached XP level 4. HP: 21/24 MP: 3/8
  1906 | D:3      | Found a blossoming altar of Fedhas.
  2221 | D:3      | Noticed Sigmund
  2241 | D:3      | Killed Sigmund
  2242 | D:3      | Reached skill level 6 in Conjurations
  2242 | D:3      | Reached skill level 5 in Air Magic
  2242 | D:3      | Gained mutation: You can fly continuously. [Tengu growth]
  2242 | D:3      | Reached XP level 5. HP: 17/28 MP: 0/9
  2242 | D:3      | Reached XP level 6. HP: 19/32 MP: 0/10
  2525 | D:3      | Found an iron altar of Okawaru.
  2649 | D:3      | Killed from afar by an orc priest

Illustrated notes

Levels and vault maps discovered:
D:1:      mainiacjoe_arrival_reflecting_pool, layout_basic, minmay_distorted
D:2:      layout_loops_ring, grunt_temple_overflow_diamond, serial_bayou_pond_d,
          amcnicky_mini_pool_small
D:3:      layout_rooms, okawaru_altar_gauntlet_db, amcnicky_altar_gilded,
          uniq_crazy_yiuf_cottage, uniq_sigmund

Skill      XL: |  1  2  3  4 |
---------------+-------------+-----
Conjurations   | 2 3 5 6 |  6.7
Air Magic      | 5 |  5.9
Dodging        | |  2.1
Stealth        | |  2.0
Spellcasting   | |  2.1

Action                   |  1- 3 |  4- 6 || total
-------------------------+-------+-------++-------
Melee: Unarmed           |     5 |       ||     5
       Peck              |     1 |       ||     1
       Kick              |     3 |       ||     3
       Club              |     8 |       ||     8
       Short sword       |     2 |     6 ||     8
 Cast: Shock             |    76 |    50 ||   126
  Use: Potion            |       |     2 ||     2
Armor: Robe              |     2 |       ||     2
       Leather armour    |    11 |     7 ||    18
Dodge: Dodged            |    39 |    21 ||    60

Table legend: (Time is in decaauts)
 A = Elapsed time spent in this place.
 B = Non-inter-level travel time spent in this place.
 C = Inter-level travel time spent in this place.
 D = Time resting spent in this place.
 E = Time spent auto-exploring this place.
 F = Levels seen in this place.
 G = Mean time per level.
                   A        B        C        D        E       F      G
               +--------+--------+--------+--------+--------+-----+--------+
         Total |   2651 |   2616 |     35 |    679 |   1499 |   3 |  883.7 |
       Dungeon |   2651 |   2616 |     35 |    679 |   1499 |   3 |  883.7 |
               +--------+--------+--------+--------+--------+-----+--------+

Top non-repeatable levels by time:
     D:1: 1147 daAuts
     D:3: 1131 daAuts
     D:2: 372 daAuts
